 Dungeon Crawl Stone Soup version 0.19.0-19-g8c6edcc (webtiles) character file.

184 thirtiethelement the Ducker (level 5, -6/33 HPs)
             Began as an Octopode Wanderer on Nov 13, 2016.
             Killed by divine providence
             ... invoked by an orc priest
              (14 damage)
             ... on level 4 of the Dungeon.
             The game lasted 00:14:58 (3159 turns).

thirtiethelement the Ducker (Octopode Wanderer)     Turns: 3159, Time: 00:15:03

Health: -6/33      AC:  1    Str: 14    XL:     5   Next: 64%
Magic:  12/18      EV: 18    Int: 14    God:
Gold:   283        SH:  0    Dex: 10    Spells: 2 memorised, 7 levels left

rFire  . . .     SeeInvis .     h - +2 dagger (drain)
rCold  . . .     Gourm    .     (no shield)
rNeg   . . .     Faith    .     (helmet restricted)
rPois  .         Spirit   .     (no amulet)
rElec  .         Reflect  .     k - ring of flight
rCorr  .         Harm     .     l - ring of magical power
MR     .....                    q - +4 ring of evasion
Stlth  +++.......               (no ring)
                                (no ring)
                                (no ring)
                                (no ring)
                                (no ring)

@: no status effects
A: almost no armour, stealthy swim, amphibious, 8 rings, constrict 8, camouflage
1, gelatinous body 1
a: Evoke Flight


You were on level 4 of the Dungeon.
You were not hungry.

You visited 1 branch of the dungeon, and saw 4 of its levels.

You collected 283 gold pieces.

Inventory:

Hand Weapons
 b - a +0 falchion
 h - a +2 dagger of draining (weapon)
Armour
 f - a +0 shield
Jewellery
 k - a ring of flight (left tentacle)
 l - a ring of magical power (right tentacle)
 q - a +4 ring of evasion (on tentacle)
Scrolls
 i - 3 scrolls of remove curse
 m - a scroll of enchant armour {unknown}
 n - a scroll of amnesia
 o - a scroll of teleportation
 p - a scroll of identify
Potions
 c - 2 potions of curing
 e - a potion of invisibility
 g - a potion of ambrosia {unknown}
 j - a potion of experience {unknown}
 r - a potion of berserk rage {unknown}
 s - 2 potions of degeneration {unknown}
 t - a potion of cure mutation {unknown}
 x - a potion of might {unknown}
Books
 a - a book of Frost

   Spells                             Type                      Level
   a - Freeze                         Ice                          1
   b - Throw Frost                    Conjuration/Ice              2
   c - Ozocubu's Armour               Charms/Ice                   3
   d - Throw Icicle                   Conjuration/Ice              4
   e - Summon Ice Beast               Ice/Summoning                4
Comestibles
 d - 3 bread rations
 u - a beef jerky
 v - a royal jelly
 w - 3 fruits


   Skills:
 + Level 1.4 Fighting
 + Level 1.3 Short Blades
 + Level 3.5 Dodging
 + Level 2.1 Stealth
 + Level 1.0 Shields
 * Level 3.1 Spellcasting
 + Level 0.2 Conjurations
 * Level 3.4 Ice Magic


You had 7 spell levels left.
You knew the following spells:

 Your Spells              Type           Power        Failure   Level  Hunger
a - Freeze                Ice            ##..         6%          1    #......
b - Throw Frost           Conj/Ice       #.....       17%         2    ##.....


Dungeon Overview and Level Annotations

Branches:
Dungeon (4/15)
 Temple: D:4-7

Altars:


Innate Abilities, Weirdness & Mutations

You cannot wear most types of armour.
You are very stealthy in the water. (Stealth+)
You are amphibious.
You can wear up to eight rings at the same time.
You can use your tentacles to constrict eight enemies at once.
Your skin changes colour to match your surroundings (Stealth+).
Your rubbery body absorbs attacks. (AC +1, EV +1)


Message History

Confirm with . or Enter, or press ? or * to list all spells.
Aiming: Throw Frost
Press: ? - help, Shift-Dir - straight line, f/p - orc priest
Aim: an orc priest, wielding a dagger and wearing a leather armour The puff of frost hits the orc priest.
The orc priest is lightly wounded.
The orc wizard shouts!
Casting: Throw Frost
Confirm with . or Enter, or press ? or * to list all spells.
Aiming: Throw Frost
Press: ? - help, Shift-Dir - straight line, f/p - orc priest
Aim: an orc priest, wielding a dagger and wearing a leather armour (lightly wounded)
The puff of frost misses the orc priest.
The puff of frost misses the orc wizard.
The orc wizard gestures at you while chanting.
The magic dart hits you!
* * * LOW HITPOINT WARNING * * *
The orc priest calls down the wrath of Beogh upon you.
Beogh smites you!
You die...

# #..........# # #
#..........# # #####
###### ############
....# ######.... ....#
#.......# ....#
#.......# ....#
#.......# ##.?
....####.......####..o..
##.#............@..o.o..
#.#...................#
#.'.....#+###..........
###.....#.# #.......#..
#.......# ######### #
#########


You could see an orc priest and 2 orc wizards.

Vanquished Creatures
  A crimson imp (D:4)
  An orc wizard (D:4)
  3 adders
  2 oozes
  4 worms
  2 dart slugs
  A leopard gecko (D:2)
  2 orcs (D:4)
  2 giant cockroaches (D:2)
  14 goblins
  6 hobgoblins
  3 jackals (D:3)
  3 quokkas
  2 ball pythons
  6 bats
  2 frilled lizards (D:1)
  5 kobolds
  A quokka skeleton (D:4)
  8 rats
68 creatures vanquished.

Notes
Turn   | Place    | Note
-------+----------+-------------------------------------------
     0 | D:1      | thirtiethelement the Octopode Wanderer began the quest for the Orb.
     0 | D:1      | thirtiethelement set off with: a book of Frost, a +0 falchion, a potion of curing, a bread ration
     0 | D:1      | Reached XP level 1. HP: 13/13 MP: 2/2
     2 | D:1      | Learned a level 1 spell: Freeze
   254 | D:1      | Reached XP level 2. HP: 11/18 MP: 0/3
   984 | D:2      | Reached XP level 3. HP: 8/23 MP: 0/5
  1565 | D:2      | Reached XP level 4. HP: 23/28 MP: 1/6
  1709 | D:2      | Learned a level 2 spell: Throw Frost
  2748 | D:4      | Reached XP level 5. HP: 33/33 MP: 8/8
  3159 | D:4      | Killed from afar by an orc priest

Skill      XL: |  1  2  3  4  5 |
---------------+----------------+-----
Stealth        | 2 |  2.1
Spellcasting   | 2 3 |  3.1
Ice Magic      | 3 |  3.4
Fighting       | |  1.4
Short Blades   | |  1.3
Dodging        | |  3.5
Shields        | |  1.0
Conjurations   | |  0.2

Action                   |  1- 3 |  4- 6 || total
-------------------------+-------+-------++-------
Melee: Dagger            |    28 |    26 ||    54
       Falchion          |     2 |       ||     2
       Constrict         |     5 |     5 ||    10
       Tentacles         |     1 |     2 ||     3
 Cast: Freeze            |    45 |    42 ||    87
       Throw Frost       |       |    23 ||    23
  Use: Scroll            |     6 |     2 ||     8
 Stab: Sleeping          |     2 |     2 ||     4
  Eat: Bread ration      |     1 |     1 ||     2
       Meat ration       |       |     1 ||     1
Armor: Skin              |     7 |     4 ||    11
Dodge: Dodged            |    38 |    48 ||    86
       Rpst.: Falchion   |     4 |       ||     4
